 Dungeon Crawl Stone Soup version 0.31-a0-18-gea43df2a32 (webtiles) character file.

Game seed: 909991321596597162

58 lunkers the Gusty (level 4, -1/33 HPs)
             Began as a Meteoran Air Elementalist on May 9, 2023.
             Slain by an orc priest
             ... wielding a +0 club
              (5 damage)
             ... on level 3 of the Dungeon.
             The game lasted 00:02:42 (804 turns).

lunkers the Gusty (Meteoran Air Elementalist)        Turns: 804, Time: 00:02:43

Health: -1/33      AC:  3    Str:  9    XL:     4   Next: 44%
Magic:  5/10       EV: 12    Int: 18    God:
Gold:   85         SH:  0    Dex: 15    Spells: 4/10 levels left

rFire   + . .        j - +0 scimitar
rCold   . . .        (no shield)
rNeg    . . .        a - +0 robe
rPois   .            (no helmet)
rElec   .            (no cloak)
rCorr   .            (no gloves)
SInv    .            h - +0 pair of boots
Will    .....        (no amulet)
Stlth   +            f - ring of protection from fire
HPRegen 0.25/turn    (no ring)
MPRegen 0.12/turn

%: no passive effects
@: very slightly contaminated, glowing
A: sense surroundings 1, otherworldly, glowing, explore regen
a: no special abilities


You were on level 3 of the Dungeon.
You visited 1 branch of the dungeon, and saw 3 of its levels.

You collected 85 gold pieces.

Inventory:

Hand Weapons
 j - a +0 scimitar (weapon)
Armour
 a - a +0 robe (worn)
 h - a +0 pair of boots (worn)
Jewellery
 f - a ring of protection from fire (left hand)
Scrolls
 c - a scroll of teleportation {unknown}
 d - 2 scrolls of identify {unknown}
 e - a scroll of magic mapping {unknown}
 i - a scroll of amnesia {unknown}
 l - a scroll of immolation {unknown}
Potions
 b - a potion of magic
 g - a potion of heal wounds {unknown}
 k - a potion of invisibility {unknown}


   Skills:
 - Level 2.4 Dodging
 - Level 1.4 Stealth
 + Level 3.6 Spellcasting
 - Level 1.2 Conjurations
 * Level 5.2 Air Magic


You had 4 spell levels left.
You knew the following spells:

 Your Spells              Type           Power      Damage    Failure   Level
a - Shock                 Conj/Air       56%        1d6       4%          1
b - Static Discharge      Conj/Air       28%        2-4/arc   6%          2
c - Swiftness             Air            22%        N/A       5%          3

Your spell library contained the following spells:

 Spells                   Type           Power      Damage    Failure   Level
 Kiss of Death            Conj/Necr      20%        2d7       12%         1
 Beastly Appendage        Tmut           6%         N/A       16%         1
 Airstrike                Air            11%        2d(2-18)  19%         4
 Wereblood                Tmut           3%         N/A       24%         2
 Confusing Touch          Hex            3%         N/A       43%         3
 Spider Form              Tmut/Pois      3%         N/A       43%         3
 Dispel Undead            Necr           3%         3d7       83%         4


Dungeon Overview and Level Annotations

Branches:
Dungeon (3/15) Zot: 993

Altars:


Innate Abilities, Weirdness & Mutations

You passively map a small area around you.
You are easily found by Zot.
You glow in the dark.
You regain HP and MP as you explore.


Message History

You are struck by an arc of lightning.
The lightning grounds out.
The orc barely misses you. The kobold barely misses you.
Casting: Static Discharge (safe; 6% risk of failure)
Confirm with . or Enter, or press ? or * to list all spells.
The orc priest is struck by an arc of lightning.
The orc priest is lightly wounded.
The orc is struck by an arc of lightning.
The orc is moderately wounded.
The kobold is struck by an arc of lightning.
You kill the kobold!
You are struck by an arc of lightning.
The lightning grounds out.
The orc hits you from afar with a +0 trident.
* * * LOW HITPOINT WARNING * * *
The orc priest closely misses you. The orc barely misses you.
The orc priest hits you with a +0 club.
* * * LOW HITPOINT WARNING * * *
Things that are here:
a +0 short sword; a kobold corpse Unknown command.
Casting: Static Discharge (safe; 6% risk of failure)
Confirm with . or Enter, or press ? or * to list all spells.
You miscast Static Discharge.
You are very lightly contaminated with residual magic.
Nothing appears to happen.
The orc hits you with a +0 trident!
* * * LOW HITPOINT WARNING * * *
The orc priest barely misses you.
Unknown command.
Unknown command.
Casting: Static Discharge (safe; 6% risk of failure)
Confirm with . or Enter, or press ? or * to list all spells.
The orc priest is struck by an arc of lightning.
The orc priest is moderately wounded.
The orc is struck by an arc of lightning.
You kill the orc!
You are struck by an arc of lightning.
* * * LOW HITPOINT WARNING * * *
The orc priest is struck by an arc of lightning.
The orc priest is heavily wounded.
The lightning grounds out.
The orc priest hits you with a +0 club.
You die...

, , , * #...........#
#...........#
#...........# *
#...........# * *
#...........# , ,
#...........#
############..)........#
...........'....@).....#
############....o......#
#...........#
#############


You could see an orc priest.

Vanquished Creatures
  A gnoll (D:1)
  An adder (D:2)
  A dart slug (D:1)
  2 orcs (D:3)
  3 endoplasms
  A giant cockroach (D:1)
  5 goblins
  3 hobgoblins
  2 jackals (D:2)
  A ball python (D:2)
  6 bats
  3 frilled lizards
  4 kobolds
  2 rats (D:2)
35 creatures vanquished.

Notes
Turn   | Place    | Note
-------+----------+-------------------------------------------
     0 | D:1      | lunkers the Meteoran Air Elementalist began the quest for
                  | the Orb.
     0 | D:1      | Reached XP level 1. HP: 14/14 MP: 5/5
    76 | D:1      | Reached skill level 4 in Air Magic
    76 | D:1      | Reached XP level 2. HP: 20/20 MP: 2/6
   106 | D:1      | Reached XP level 3. HP: 12/26 MP: 1/8
   387 | D:2      | Learned a level 2 spell: Static Discharge
   391 | D:2      | Learned a level 3 spell: Swiftness
   509 | D:2      | Reached skill level 5 in Air Magic
   509 | D:2      | Reached XP level 4. HP: 25/33 MP: 1/10
   804 | D:3      | Slain by an orc priest

Illustrated notes

Levels and vault maps discovered:
D:1:      mrwooster_arrival_statue_2, layout_loops_corners,
          dreamdust_ecumenical_altar_grove
D:2:      layout_rooms, serial_glass, glass_columns_a, glass_columns_a,
          kennysheep_generic_room_8
D:3:      layout_basic, minmay_door_square, uniq_sigmund

Skill      XL: |  1  2  3 |
---------------+----------+-----
Air Magic      | 4 5 |  5.2
Spellcasting   | 3 |  3.6
Dodging        | |  2.4
Stealth        | |  1.4
Conjurations   | |  1.2

Action                     |  1- 3 |  4- 6 || total
---------------------------+-------+-------++-------
  Melee: Scimitar          |     5 |     3 ||     8
   Cast: Shock             |    44 |     3 ||    47
         Static Discharge  |     2 |     9 ||    11
 Armour: Robe              |     5 |     3 ||     8
  Dodge: Dodged            |     8 |     8 ||    16

Table legend: (Time is in decaauts)
 A = Elapsed time spent in this place.
 B = Non-inter-level travel time spent in this place.
 C = Inter-level travel time spent in this place.
 D = Time resting spent in this place.
 E = Time spent auto-exploring this place.
 F = Levels seen in this place.
 G = Mean time per level.
                   A        B        C        D        E       F      G
               +--------+--------+--------+--------+--------+-----+--------+
         Total |    805 |    793 |     12 |      0 |    568 |   3 |  268.3 |
       Dungeon |    805 |    793 |     12 |      0 |    568 |   3 |  268.3 |
               +--------+--------+--------+--------+--------+-----+--------+

Top non-repeatable levels by time:
     D:1: 382 daAuts
     D:2: 244 daAuts
     D:3: 179 daAuts
